 Dungeon Crawl Stone Soup version 0.30-a0-823-geb93a13fce (webtiles) character file.

Game seed: 3524422813676975939

8 retardedninja the Shield-Bearer (level 2, 0/29 HPs)
             Began as a Gnoll Fighter on Feb 27, 2023.
             Slain by a gnoll
             ... wielding a +0 flail
              (10 damage)
             ... on level 1 of the Dungeon.
             The game lasted 00:00:15 (260 turns).

retardedninja the Shield-Bearer (Gnoll Fighter)      Turns: 260, Time: 00:00:16

Health: 0/29       AC:  7    Str: 15    XL:     2   Next: 8%
Magic:  2/2        EV:  9    Int:  7    God:
Gold:   29         SH:  5    Dex: 11    Spells: 1/1 levels left

rFire   . . .      SeeInvis .    a - +0 flail
rCold   . . .      Faith    .    c - +0 buckler
rNeg    . . .      Spirit   .    b - +0 scale mail
rPois   .          Reflect  .    (no helmet)
rElec   .          Harm     .    (no cloak)
rCorr   .          Rampage  .    (no gloves)
Will    .....                    (no boots) Stlth
                                 (no amulet)
HPRegen 0.24/turn                (no ring)
MPRegen 0.08/turn                (no ring)

@: no status effects
A: fangs 1, strong nose, distributed training
a: no special abilities


You were on level 1 of the Dungeon.
You visited 1 branch of the dungeon, and saw 1 of its levels.

You collected 29 gold pieces.

Inventory:

Hand Weapons
 a - a +0 flail (weapon)
Armour
 b - a +0 scale mail (worn)
 c - a +0 buckler (worn)
Potions
 d - 2 potions of might
 e - a potion of berserk rage {unknown}
 f - a potion of magic {unknown}


   Skills:
 + Level 6.4 Fighting
 + Level 0.3 Short Blades
 + Level 0.3 Long Blades
 + Level 0.3 Axes
 + Level 4.4 Maces & Flails
 + Level 0.3 Polearms
 + Level 0.3 Staves
 + Level 0.3 Ranged Weapons
 + Level 0.3 Throwing
 + Level 6.4 Armour
 + Level 0.3 Dodging
 + Level 0.3 Stealth
 + Level 6.4 Shields
 + Level 0.3 Unarmed Combat
 + Level 0.3 Spellcasting
 + Level 0.2 Conjurations
 + Level 0.2 Hexes
 + Level 0.2 Summonings
 + Level 0.2 Necromancy
 + Level 0.2 Translocations
 + Level 0.2 Transmutations
 + Level 0.2 Fire Magic
 + Level 0.2 Ice Magic
 + Level 0.2 Air Magic
 + Level 0.2 Earth Magic
 + Level 0.2 Poison Magic
 + Level 0.4 Invocations
 + Level 0.3 Evocations


You had one spell level left.
You didn't know any spells.
Your spell library contained the following spells:

 Spells                   Type           Power      Damage    Failure   Level
 Sandblast                Erth           0%         2d4       88%         1
 Passwall                 Tmut/Erth      0%         N/A       95%         2
 Stone Arrow              Conj/Erth      0%         3d7       99%         3


Dungeon Overview and Level Annotations

Branches:
Dungeon (1/15)

Altars:


Innate Abilities, Weirdness & Mutations

You have very sharp teeth.
Your uncanny sense of smell can sniff out nearby items.
Your experience applies equally to all skills.


Message History

No target in view!
You now have 29 gold pieces (gained 3).
Key pressed, stopping explore.
Key pressed, stopping explore.
f - a bubbling pink potion No target in view!
A gnoll comes into view. It is wielding a +0 flail.
A gnoll is nearby!
A gnoll is nearby!
The gnoll closely misses you.
You hit the gnoll. Your bite misses the gnoll.
The gnoll is heavily wounded.
The gnoll closely misses you.
You hit the gnoll.
The gnoll is heavily wounded.
The gnoll hits you with a +0 flail!
You hit the gnoll.
The gnoll is almost dead.
The gnoll hits you with a +0 flail! You block the gnoll's attack.
You are too injured to fight recklessly!
You are too injured to fight recklessly!
You are too injured to fight recklessly!
You are too injured to fight recklessly!
You are too injured to fight recklessly!
You are too injured to fight recklessly!
You are too injured to fight recklessly!
You are too injured to fight recklessly!
You are too injured to fight recklessly!
You are too injured to fight recklessly!
You are too injured to fight recklessly!
You closely miss the gnoll.
The gnoll is almost dead.
The gnoll hits you with a +0 flail.
You completely miss the gnoll.
The gnoll is almost dead.
The gnoll barely misses you.
You barely miss the gnoll.
The gnoll is almost dead.
The gnoll hits you with a +0 flail!
You die...

#############
#....g@.....#
#.#########.#
#.....# #.#
#.###.###.#
###
#...#.....#
####..#
###.#######
###.....#
#.....#
#.......#
#######.#####
........#
............#


You could see a gnoll.

Vanquished Creatures
  2 giant cockroaches (D:1)
  2 hobgoblins (D:1)
  2 bats (D:1)
  A kobold (D:1)
7 creatures vanquished.

Notes
Turn   | Place    | Note
-------+----------+-------------------------------------------
     0 | D:1      | retardedninja the Gnoll Fighter began the quest for the
                  | Orb.
     0 | D:1      | Reached XP level 1. HP: 23/23 MP: 1/1
   167 | D:1      | Reached XP level 2. HP: 29/29 MP: 2/2
   260 | D:1      | Slain by a gnoll

Illustrated notes

Levels and vault maps discovered:
D:1:      dpeg_cavernosity, layout_basic, hellmonk_ecumenical_altar_blasted,
          chequers_serial_rivers_large_a

Action                     || total
---------------------------++-------
  Melee: Flail             ||    24
 Armour: Scale mail        ||    10
  Dodge: Dodged            ||    12
  Block: Buckler           ||     8

Table legend: (Time is in decaauts)
 A = Elapsed time spent in this place.
 B = Non-inter-level travel time spent in this place.
 C = Inter-level travel time spent in this place.
 D = Time resting spent in this place.
 E = Time spent auto-exploring this place.
 F = Levels seen in this place.
 G = Mean time per level.
                   A        B        C        D        E       F      G
               +--------+--------+--------+--------+--------+-----+--------+
         Total |    264 |    264 |      0 |      0 |    215 |   1 |  264.0 |
       Dungeon |    264 |    264 |      0 |      0 |    215 |   1 |  264.0 |
               +--------+--------+--------+--------+--------+-----+--------+

Top non-repeatable levels by time:
     D:1: 264 daAuts
